 Dungeon Crawl Stone Soup version 0.30-a0-313-gae38170b09 (webtiles) character file.

Game seed: 3538800833714064945

4839 Kirkhe the Destroyer (level 10, -3/97 HPs)
             Began as a Demonspawn Hedge Wizard on Oct 25, 2022.
             Was a Priest of Vehumet.
             Slain by an efreet
             ... wielding a +3 scimitar of flaming
              (4 damage)
             ... on level 8 of the Dungeon.
             The game lasted 00:28:55 (7897 turns).

Kirkhe the Destroyer (Demonspawn Hedge Wizard)      Turns: 7897, Time: 00:28:56

Health: -3/97      AC: 29    Str: 11    XL:     10   Next: 25%
Magic:  14/22      EV:  2    Int: 19    God:    Vehumet [***...]
Gold:   1228       SH:  0    Dex: 13    Spells: 20/26 levels left

rFire   . . .      SeeInvis +    a - +0 dagger
rCold   . . .      Faith    .    (no shield)
rNeg    . . .      Spirit   .    (body armour currently unavailable)
rPois   +          Reflect  .    (helmet currently unavailable)
rElec   .          Harm     .    (cloak currently unavailable)
rCorr   .          Rampage  .    (gloves currently unavailable)
Will    .....      NoTele   +    (boots currently unavailable)
Stlth   +++.......               i - amulet of the acrobat
HPRegen 0.36/turn                j - +4 ring of protection
MPRegen 0.18/turn                r - ring of see invisible

@: tree-form
A: stationary, stasis, torment immunity, boosted hp, rugged brown scales 1,
demonic magic 2
a: Renounce Religion


You were on level 8 of the Dungeon.
You worshipped Vehumet.
Vehumet was most pleased with you.
You were a tree.
You visited 1 branch of the dungeon, and saw 8 of its levels.
You also visited: Bailey.

You collected 1228 gold pieces.

Inventory:

Hand Weapons
 a - a +0 dagger (weapon)
 y - a +1 whip of electrocution
 K - a +3 short sword of speed
Missiles
 f - 6 datura-tipped darts
 w - 6 silver javelins
 H - 9 curare-tipped darts
 J - 4 atropa-tipped darts
Armour
 b - a +0 robe (melded)
 c - a +0 hat (melded)
 p - a +0 helmet
 q - a +0 cloak (melded)
 A - a +1 leather armour of cold resistance
 F - a +0 pair of gloves (melded)
Jewellery
 i - an amulet of the acrobat (around neck)
 j - a +4 ring of protection (left branch)
 m - a ring of protection from cold
 r - a ring of see invisible (right branch)
Wands
 l - a wand of flame (18)
 v - a wand of polymorph (12)
Scrolls
 g - 2 scrolls of poison
 o - 3 scrolls of immolation
 u - 2 scrolls of fog
 x - a scroll of brand weapon {unknown}
 B - a scroll of enchant armour {unknown}
 C - a scroll of enchant weapon {unknown}
Potions
 d - a potion of magic
 e - 4 potions of attraction
 h - a potion of berserk rage {unknown}
 k - 3 potions of brilliance
 n - a potion of resistance {unknown}
 s - a potion of lignification
 t - a potion of invisibility {unknown}
 D - a potion of might {unknown}
 L - a potion of mutation {unknown}
Miscellaneous
 I - a phial of floods (inert)


   Skills:
 + Level 0.6 Fighting
 - Level 1.7 Dodging
 + Level 6.7 Stealth
 + Level 8.7 Spellcasting
 + Level 9.2 Conjurations
 - Level 1.0 Summonings
 + Level 0.8 Translocations
 - Level 4.0 Air Magic
 + Level 0.9 Poison Magic
 + Level 0.8 Evocations


You had 20 spell levels left.
You knew the following spells:

 Your Spells              Type           Power      Damage    Failure   Level
a - Magic Dart            Conj           100%       1d8       1%          1
b - Blink                 Tloc           22%        N/A       9%          2
c - Mephitic Cloud        Conj/Pois/Air  26%        N/A       1%          3

Your spell library contained the following spells:

 Spells                   Type           Power      Damage    Failure   Level
 Momentum Strike          Conj/Tloc      54%        3d9       1%          2
 Kiss of Death            Conj/Necr      100%       2d13      1%          1
 Searing Ray              Conj           86%        2d7       1%          2
 Kindle Blastsparks       Fire/Tloc/Air  28%        2d12      3%          3
 Flame Wave               Conj/Fire      25%        2d8       3%          4
 Cigotuvi's Dreadful Rot  Necr/Pois/Air  28%        N/A       7%          2
 Slow                     Hex            32%        N/A       9%          1
 Call Imp                 Summ           12%        N/A       9%          2
 Fireball                 Conj/Fire      12%        3d7       10%         5
 Conjure Ball Lightning   Conj/Air       16%        3x3d6     22%         6
 Manifold Assault         Tloc           11%        N/A       52%         4
 Dispersal                Tloc           5%         N/A       100%        6
 Disjunction              Tloc           5%         N/A       100%        8


Dungeon Overview and Level Annotations

Branches:
Dungeon (8/15)             Temple (0/1) D:7          Bailey (visited)
   Lair: D:8-11

Altars:
Fedhas
Kikubaaqudgha
Nemelex Xobeh
Vehumet
Wu Jian
Xom

Shops:
D:4 (

Annotations:
D:3 2 transporters, lurtze1's ghost, novice KoHu
D:6 3 runed translucent doors, Harunobu's ghost, novice MiMo


Innate Abilities, Weirdness & Mutations

You are a tree.
Your roots penetrate the ground, keeping you stationary.
You cannot be teleported.
You are immune to unholy pain and torment.
Your maximum health is greatly increased.
Your equipment is partially melded.
(You are partially covered in rugged brown scales. (AC +1, +3% HP))
Spells you cast may paralyse nearby enemies.


Message History

The kobold appears confused.
The bullfrog is engulfed in noxious fumes.
The bullfrog appears confused.
The orc hits you but does no damage.
The efreet hits you with a +3 scimitar of flaming!
* * * LOW HITPOINT WARNING * * *
The efreet burns you.
* * * LOW HITPOINT WARNING * * *
The steam dragon bites the kobold.
The steam dragon claws the kobold but does no damage.
The steam dragon bites itself!
The steam dragon closely misses itself.
Unknown command.
Casting: Mephitic Cloud (safe; 1% risk of failure)
Confirm with . or Enter, or press ? or * to list all spells.
Aiming: Mephitic Cloud (safe; 1% risk of failure)
Press: ? - help, Shift-Dir - straight line The ball explodes into a vile cloud!
The stinking cloud engulfs the bullfrog but does no damage.
The bullfrog is almost dead.
The stinking cloud engulfs the kobold but does no damage.
The kobold is heavily wounded.
The stinking cloud engulfs the kobold but does no damage.
The kobold is moderately wounded.
The stinking cloud engulfs the efreet but does no damage.
The stinking cloud engulfs you but does no damage.
Malevolent energies surge around you.
The kobold suddenly stops moving! x2
The orc suddenly stops moving!
The bullfrog suddenly stops moving!
The kobold brigand suddenly stops moving!
The centaur suddenly stops moving!
The kobold is no longer paralysed.
The bullfrog is engulfed in noxious fumes.
The bullfrog appears confused.
The kobold is engulfed in noxious fumes.
The kobold appears confused.
The kobold hits the bullfrog with a +0 short sword.
The bullfrog is killed!
Vehumet accepts your kill.
You feel your power returning.
The efreet hits you with a +3 scimitar of flaming!
* * * LOW HITPOINT WARNING * * *
The efreet burns you.
You die...

#........#..........#..
#........#..........#..
#........'..........+..
#........#...##.....#..
#........#...##.....#..
#........'..........'..
#....°..c#..........#..
#....°...#..........#..
#...KR♣K.#...##.....#..
#..D☼°Ko.#...##+#####..
##########...○○☼K.#####
#.. #..............o..#
#.. #........[).......#
#.. #.........#########
#........°# #.........○
#.....y..K#


You could see an efreet, a steam dragon (confused), a kobold brigand
(paralysed), a centaur (paralysed), 2 orcs and 3 kobolds.

Vanquished Creatures
  Pikel (D:5)
  An ugly thing (D:8)
  Grinder (D:3)
  A hornet (D:8)
  Sigmund (D:3)
  Eustachio (D:5)
  A steam dragon (D:8)
  Duvessa (D:6)
  2 water moccasins (D:8)
  4 orc warriors
  A sky beast (D:7)
  3 ice beasts (D:6)
  A black bear (D:7)
  2 centaurs
  An ogre (D:4)
  6 kobold brigands
  3 bullfrogs
  2 necrophages
  4 scorpions
  Dowan (D:6)
  4 killer bees (D:8)
  A howler monkey (D:4)
  2 hounds (D:5)
  3 jellies
  2 orc priests
  Crazy Yiuf (D:2)
  8 orc wizards
  Natasha (thrice) (D:2)
  4 iguanas
  4 gnolls (D:7)
  11 adders
  3 shadow imps
  A white imp (D:5)
  An ufetubus (D:6)
  5 worms
  A dart slug (D:1)
  36 orcs
  4 bats
  7 endoplasms
  3 giant cockroaches
  3 goblins
  4 hobgoblins
  13 jackals
  3 quokkas
  10 ball pythons
  5 frilled lizards
  28 kobolds
  7 rats
215 creatures vanquished.

Notes
Turn   | Place    | Note
-------+----------+-------------------------------------------
     0 | D:1      | Kirkhe the Demonspawn Hedge Wizard began the quest for the
                  | Orb.
     0 | D:1      | Reached XP level 1. HP: 13/13 MP: 4/4
   328 | D:1      | Gained mutation: Spells you cast may paralyse adjacent
                  | enemies. [demonic ancestry]
   328 | D:1      | Reached XP level 2. HP: 14/19 MP: 1/6
   702 | D:1      | Reached XP level 3. HP: 12/24 MP: 1/8
   779 | D:1      | Reached skill level 2 in Conjurations
  1487 | D:2      | Noticed Natasha
  1497 | D:2      | Killed Natasha
  1567 | D:2      | Found a faded altar of an unknown god.
  1619 | D:2      | Found a shimmering altar of Xom.
  1650 | D:2      | Noticed Natasha
  1659 | D:2      | Killed Natasha
  1660 | D:2      | Reached XP level 4. HP: 17/30 MP: 6/10
  1929 | D:2      | Noticed Natasha
  1939 | D:2      | Killed Natasha
  2033 | D:2      | Found a runed translucent door.
  2034 | D:2      | Noticed Crazy Yiuf
  2045 | D:2      | Killed Crazy Yiuf
  2046 | D:2      | Reached skill level 3 in Conjurations
  2046 | D:2      | Gained mutation: Spells you cast may paralyse nearby
                  | enemies. [demonic ancestry]
  2046 | D:2      | Reached XP level 5. HP: 4/35 MP: 6/11
  2350 | D:3      | Noticed Grinder
  2457 | D:2      | Learned a level 2 spell: Blink
  2461 | D:2      | Learned a level 3 spell: Mephitic Cloud
  2567 | D:3      | Killed Grinder
  2568 | D:3      | Reached skill level 4 in Conjurations
  2568 | D:3      | Reached XP level 6. HP: 33/41 MP: 8/12
  2921 | D:3      | Found an ancient bone altar of Kikubaaqudgha.
  2936 | D:3      | Found a transporter.
  2942 | D:3      | Noticed lurtze1's ghost (novice KoHu)
  2990 | D:3      | Noticed Sigmund
  3025 | D:3      | Found a transporter.
  3129 | D:3      | Killed Sigmund
  3130 | D:3      | Reached skill level 5 in Conjurations
  3130 | D:3      | Gained mutation: You are partially covered in rugged brown
                  | scales. (AC +1, +3% HP) [demonic ancestry]
  3130 | D:3      | Reached XP level 7. HP: 41/47 MP: 9/14
  3394 | D:3      | Found a shimmering altar of Xom.
  3396 | D:3      | Found a sparkling altar of Nemelex Xobeh.
  3397 | D:3      | Found a radiant altar of Vehumet.
  3409 | D:3      | Became a worshipper of Vehumet
  3502 | D:4      | Reached skill level 5 in Spellcasting
  3767 | D:3      | Found an ornate altar of the Wu Jian Council.
  3937 | D:4      | Reached skill level 1 in Air Magic
  4107 | D:4      | Found Ylaleocheo's Firing Range.
  4136 | D:4      | Reached skill level 6 in Conjurations
  4340 | D:4      | Reached XP level 8. HP: 53/53 MP: 12/16
  4616 | D:5      | Entered Level 5 of the Dungeon
  4764 | D:5      | Noticed Pikel
  4783 | D:5      | Killed Pikel
  4784 | D:5      | Reached skill level 7 in Conjurations
  5179 | D:5      | Noticed Eustachio
  5221 | D:5      | Killed Eustachio
  5412 | D:5      | Reached * piety under Vehumet
  5412 | D:5      | Offered knowledge of Kiss of Death by Vehumet.
  5747 | D:5      | Reached XP level 9. HP: 43/58 MP: 14/19
  5960 | D:6      | Noticed Dowan
  6005 | D:6      | Found a blossoming altar of Fedhas.
  6084 | D:6      | Found a runed translucent gate.
  6084 | D:6      | Found a runed translucent gate.
  6084 | D:6      | Found a runed translucent gate.
  6086 | D:6      | Noticed Harunobu's ghost (novice MiMo)
  6246 | D:6      | Reached skill level 8 in Conjurations
  6352 | D:6      | Noticed Duvessa
  6368 | D:6      | Killed Dowan
  6377 | D:6      | Killed Duvessa
  6674 | D:7      | Identified a scroll of acquirement
  6674 | D:7      | Acquired the Secrets of Excruciating Ignition
  6790 | D:7      | Found a flagged portal.
  6814 | D:7      | Reached ** piety under Vehumet
  6822 | D:7      | Offered knowledge of Freeze by Vehumet.
  6929 | D:7      | Found a staircase to the Ecumenical Temple.
  7299 | Bailey   | Entered a bailey
  7329 | Bailey   | Reached skill level 9 in Conjurations
  7396 | Bailey   | Reached skill level 5 in Stealth
  7440 | Bailey   | Found an iron altar of Okawaru.
  7560 | D:8      | Reached XP level 10. HP: 62/64 MP: 22/22
  7704 | D:8      | Offered knowledge of Momentum Strike by Vehumet.
  7872 | D:8      | Noticed a white ugly thing
  7890 | D:8      | Reached *** piety under Vehumet
  7892 | D:8      | Killed a white ugly thing
  7897 | D:8      | HP: 1/97 [efreet/+3 scimitar of flaming (9)]
  7897 | D:8      | Slain by an efreet

Illustrated notes

Levels and vault maps discovered:
D:1:      noname_arrival_rooms_in_the_neighbourhood, layout_basic
D:2:      layout_basic, ebering_ecumenical_altar_rust, basic_altar,
          uniq_crazy_yiuf_cottage, uniq_natasha
D:3:      layout_basic, nicolae_wu_jian_immortal_techniques, minitemple,
          mainiacjoe_overflow_paths, gammafunk_ghost_stat_death, st_stairs_1,
          minmay_misc_feat_roman, kennysheep_generic_room_13, uniq_grinder,
          uniq_sigmund
D:4:      layout_loops_ring, nicolae_shop_firing_range
D:5:      layout_loops_ring, uniq_pikel, uniq_eustachio
D:6:      layout_cave_pools, mainiacjoe_overflow_brackets,
          gammafunk_ghost_nasty_kobolds, nicolae_fountain_basement, uniq_duvessa
D:7:      layout_basic, kennysheep_mini_moat, temple_green, enter_bailey_2
D:8:      layout_gridville, nicolae_ossuary_entry_catacombs,
          hangedman_decor_push, minmay_manual_moon

Skill      XL: |  1  2  3  4  5  6  7  8  9 10 |
---------------+-------------------------------+-----
Conjurations   | 2 3 4 5 6 7 9 |  9.2
Stealth        | 2 4 5 6 |  6.7
Spellcasting   | 4 5 6 8 |  8.7
Air Magic      | 1 3 4 |  4.0
Fighting       | |  0.6
Dodging        | |  1.7
Summonings     | |  1.0
Translocations | |  0.8
Poison Magic   | |  0.9
Evocations     | |  0.8

Action                   |  1- 3 |  4- 6 |  7- 9 | 10-12 || total
-------------------------+-------+-------+-------+-------++-------
Melee: Dagger            |    89 |   113 |   239 |    22 ||   463
       Punch             |       |     2 |     4 |       ||     6
       Whip              |       |       |    19 |       ||    19
 Cast: Magic Dart        |    48 |    59 |   205 |    21 ||   333
       Mephitic Cloud    |       |       |     3 |     9 ||    12
Evoke: Wand              |       |     3 |       |       ||     3
       Phial of floods   |       |       |       |     1 ||     1
  Use: Scroll            |     1 |     6 |     3 |     1 ||    11
       Potion            |       |       |       |     6 ||     6
 Stab: Paralysed         |    15 |    21 |   114 |    15 ||   165
       Sleeping          |     2 |     5 |    10 |       ||    17
       Distracted        |       |     1 |       |       ||     1
       Confused          |       |       |       |     1 ||     1
Armor: Robe              |    25 |    34 |   110 |    13 ||   182
       Skin              |       |       |       |    33 ||    33
Dodge: Dodged            |    52 |    58 |   170 |    23 ||   303

Table legend: (Time is in decaauts)
 A = Elapsed time spent in this place.
 B = Non-inter-level travel time spent in this place.
 C = Inter-level travel time spent in this place.
 D = Time resting spent in this place.
 E = Time spent auto-exploring this place.
 F = Levels seen in this place.
 G = Mean time per level.
                   A        B        C        D        E       F      G
               +--------+--------+--------+--------+--------+-----+--------+
         Total |   7899 |   7416 |    483 |    709 |   4979 |   9 |  877.7 |
       Dungeon |   7684 |   7201 |    483 |    681 |   4890 |   8 |  960.5 |
        Bailey |    215 |    215 |      0 |     28 |     89 |   1 |  215.0 |
               +--------+--------+--------+--------+--------+-----+--------+

Top non-repeatable levels by time:
     D:1: 1394 daAuts
     D:5: 1216 daAuts
     D:3: 1160 daAuts
     D:2: 1104 daAuts
     D:4: 956 daAuts
     D:6: 842 daAuts
     D:7: 646 daAuts
     D:8: 362 daAuts
  Bailey: 215 daAuts
